 Dungeon Crawl Stone Soup version 0.31-a0-1576-ga3383bade6 (webtiles) character file.

Game seed: 14622646210177630541

304124 Xavori the Warrior (level 22, -9/161 HPs)
             Began as a Djinni Chaos Knight on Jan 4, 2024.
             Was a Favourite Plaything of Xom.
             Killed by psychic fangs
             ... invoked by a glowing orange brain
              (12 damage)
             ... on level 3 of the Vaults.
             The game lasted 01:19:33 (44356 turns).

Xavori the Warrior (Djinni Chaos Knight)           Turns: 44356, Time: 01:19:39

Health: -9/161     AC: 31    Str: 16    XL:     22   Next: 2%
Gold:   1588       EV: 26    Int: 17    God:    Xom [....*.] SH: 34 Dex: 41

rFire   + + .        a - +9 double sword (protect)
rCold   . . .        K - +3 tower shield of the Curupira {^Contam Regen+ Dex+7}
rNeg    + . .        v - +3 scale mail of the Pit {rElec Will+ Int-4}
rPois   ∞            (helmet restricted)
rElec   +            F - +2 cloak {Will+}
rCorr   +            J - +2 pair of gloves "Caxec" {Str+3 Dex+3 Stlth+}
SInv    +            (boots unavailable)
Will    +++++        u - amulet "Neis" {Reflect rC+ rN+ SH+5}
Stlth   +++          g - +6 ring of dexterity
HPRegen 1.26/turn    Y - ring of resist corrosion
MPRegen 0.00/turn

%: reflection, infuse magic (-10 HP)
@: swift, cleaving, under a protective aura, flying, very quick
A: sickness immunity, fire resistance 2, cold vulnerability 1, float, innate
caster, HP casting, extra vitality 1, horns 1, iridescent scales 2, see
invisible, agile 2, clever 2, strong-willed 3, passive freeze, strong 1,
MP-powered wands
}: 2/15 runes: decaying, serpentine
a: Renounce Religion


You were on level 3 of the Vaults.
You worshipped Xom.
You were a beloved toy of Xom.
You visited 7 branches of the dungeon, and saw 37 of its levels.
You visited the Abyss 1 time.
You also visited: Bailey.

You collected 4877 gold pieces.
You spent 3289 gold pieces at shops.

Inventory:

Hand Weapons
 a - a +9 double sword of protection (weapon)
 A - a +1 scimitar of flaming
Armour
 v - the +3 scale mail of the Pit (worn) {rElec Will+ Int-4}
   (You took it off a deep elf high priest on level 3 of the Elven Halls)

   Int-4:     It affects your intelligence (-4).
   rElec:     It insulates you from electricity.
   Will+:     It increases your willpower.
 F - a +2 cloak of willpower (worn)
 J - the +2 pair of gloves "Caxec" (worn) {Str+3 Dex+3 Stlth+}
   (You bought it in a shop on level 1 of the Snake Pit)

   Str+3:     It affects your strength (+3).
   Dex+3:     It affects your dexterity (+3).
   Stlth+:    It makes you more stealthy.
 K - the +3 tower shield of the Curupira (worn) {^Contam Regen+ Dex+7}
   (You bought it in a shop on level 10 of the Dungeon)

   Dex+7:     It affects your dexterity (+7).
   ^Contam:   It causes magical contamination when unequipped.
   Regen+:    It increases your rate of health regeneration.
Jewellery
 d - the ring "Keamajuiny" {Fly rCorr}
   (You found it on level 11 of the Dungeon)

   [ring of flight]

   Fly:       It grants you flight.
   rCorr:     It protects you from acid and corrosion.
 g - a +6 ring of dexterity (left hand)
 p - a +5 ring of evasion
 q - a ring of fire
 u - the amulet "Neis" (around neck) {Reflect rC+ rN+ SH+5}
   (You bought it in a shop on level 2 of the Orcish Mines)

   [amulet of reflection]

   Reflect:   It reflects blocked missile attacks.
   rC+:       It protects you from cold.
   rN+:       It protects you from negative energy.
   SH+5:      It affects your SH (+5).
 I - a ring of willpower
 Y - a ring of resist corrosion (right hand)
Wands
 e - a wand of polymorph (7)
 h - a wand of digging (7)
 l - a wand of charming (58)
 M - a wand of mindburst (32)
 Q - a wand of flame (35)
 R - a wand of roots (21)
 S - a wand of light (32)
Scrolls
 c - a scroll of butterflies
 f - 3 scrolls of blinking
 j - 5 scrolls of revelation
 k - 2 scrolls of summoning
 o - a scroll of silence
 r - 13 scrolls of teleportation
 t - 9 scrolls of vulnerability
 w - 6 scrolls of enchant armour
 y - 4 scrolls of enchant weapon
 z - 3 scrolls of identify
 E - 5 scrolls of fog
 G - 3 scrolls of immolation
 H - 6 scrolls of fear
 N - 3 scrolls of poison
 W - a scroll of torment
Potions
 b - 3 potions of lignification
 i - 2 potions of invisibility
 m - a potion of ambrosia
 s - 8 potions of haste
 x - 23 potions of curing
 B - 3 potions of might
 C - 9 potions of heal wounds
 D - 4 potions of enlightenment
 L - 3 potions of brilliance
 O - 4 potions of mutation
 T - 3 potions of cancellation
 U - 4 potions of attraction
 X - a potion of resistance
Miscellaneous
 n - a box of beasts
 P - a lightning rod (4/4)
 V - a phial of floods


   Skills:
 + Level 15.3 Fighting
 + Level 14.1 Long Blades
 + Level 15.1 Armour
 + Level 14.7 Dodging
 - Level 14.5 Shields
 * Level 13.7 Spellcasting
 * Level 13.7 Conjurations
 * Level 13.7 Hexes
   Level 0.0 Charms
 * Level 13.7 Summonings
 * Level 13.7 Necromancy
 * Level 13.7 Translocations
   Level 0.0 Transmutations
 * Level 13.7 Fire Magic
 * Level 13.7 Ice Magic
 * Level 13.7 Air Magic
 * Level 13.7 Earth Magic
 * Level 13.7 Alchemy
 - Level 9.5 Evocations
 * Level 10.0 Shapeshifting


You knew the following spells:

 Your Spells              Type           Power      Damage    Failure   Level
a - Sandblast             Erth           100%       2d20      1%          1
b - Mercury Vapours       Alch/Air       100%       N/A       1%          2
c - Call Canine Familiar  Summ           55%        N/A       1%          3
d - Swiftness             Air            55%        N/A       1%          3
e - Olgreb's Toxic Radia  Alch           55%        N/A       1%          4
f - Iskenderun's Battles  Conj           55%        2d11      4%          5
g - Sculpt Simulacrum     Ice/Alch       27%        N/A       28%         6
h - Death Channel         Necr           27%        N/A       28%         6
i - Bombard               Conj/Erth      27%        9d5       28%         6
j - Summon Horrible Thin  Summ           27%        N/A       100%        8
Your spell library was empty.


Dungeon Overview and Level Annotations

Branches:
Dungeon (15/15)            Temple (0/1) D:6            Lair (5/5) D:9
  Swamp (4/4) Lair:3        Snake (4/4) Lair:3        Slime (0/5) Lair:5
    Orc (2/2) D:10            Elf (3/3) Orc:2        Vaults (4/5) D:13
 Depths (0/4) D:15         Bailey (visited)
  Crypt: Vaults:2-3

Altars:
Ashenzari
Hepliaklqana
Nemelex Xobeh
Okawaru
Qazlal
Ru
Trog
Uskayaw
Xom
Zin
The Shining One
Jiyva

Shops:
D:10 [   D:11 ?   Orc:2 ::?=   Elf:1 *   Elf:2 !   Elf:3 (   Snake:1 ***:
Snake:2 ?*   Snake:4 **

Portals:
Abyss: D:10

Annotations:
D:10 2 transporters, olddryhag's ghost, novice TrSh
Swamp:4 2 runed translucent doors, hikkokomori's ghost, adept GrEE


Innate Abilities, Weirdness & Mutations

You are immune to sickness and miasma.
You are immune to poison.
Your flesh is very heat resistant. (rF++)
You are vulnerable to cold. (rC-)
You float through the air rather than walking.
You learn spells naturally, not from books.
Your magical power is your life essence.
You have superior vitality. (+4 MHP)
You have a pair of small horns on your head.
You are mostly covered in iridescent scales. (AC +4)
You have supernaturally acute eyesight. (SInv)
You are very agile. (Dex +8, Str/Int -2)
Your mind is very acute. (Int +8, Str/Dex -2)
You are extremely strong-willed. (Will+++)
A frigid envelope surrounds you and freezes all who hurt you.
Your muscles are strong. (Str +4, Int/Dex -1)
You expend health (3 HP) to strengthen your wands.


Message History

You block the vault guard's attack.
The vault sentinel blows a loud note on a signal horn!
The ironbound convoker points at the vault sentinel and mumbles some strange words.
The vault sentinel seems to grow stronger.
You hear a shout!
The vault guard attacks as it pursues you!
You block the vault guard's attack.
The cyan ugly thing basks in the mutagenic energy from its kin and changes!
You slash the vault guard!
The vault guard is heavily wounded.
You block the vault guard's attack.
You hit the vault guard but do no damage.
The vault guard is heavily wounded.
The glowing orange brain pulsates.
Something gnaws heavily on your mind!
* * * LOW HITPOINT WARNING * * *
You block the vault guard's attack.
Okay, then.
Casting: Olgreb's Toxic Radiance (mildly dangerous; 1% risk of failure)
Confirm with . or Enter, or press ? or * to list all spells.
You feel quick.
* * * LOW HITPOINT WARNING * * *
"See what I see, my child!"
You detect creatures!
You are now a beloved toy of Xom.
The vault guard completely misses you.
Electricity crackles from the ironbound thunderhulk's apparatus.
The bolt of lightning hits you! You resist.
* * * LOW HITPOINT WARNING * * *
The vault guard attacks as it pursues you!
You block the vault guard's attack. Xom smiles on you.
Your +9 double sword of protection looks sharp.
Electricity crackles from the ironbound thunderhulk's apparatus.
The bolt of lightning hits you!! You resist.
* * * LOW HITPOINT WARNING * * *
The glowing orange brain pulsates.
Something gnaws heavily on your mind!
You die...
Xom is highly amused!

#.....)...........
#Op............9..
#Gu...)..p........
#u#######+########
#p##......#
#.##......#
#p##..#####
#.##..# #@#####
#.# #.# #.# #.#
#.#########
#..........
#..........
#........p.


You could see an ironbound thunderhulk (summoned), a vault guard (summoned), 2
ugly things, a glowing orange brain, a vault sentinel (strong, poisoned) and an
ironbound convoker.

Vanquished Creatures
  Nikola (Elf:1)
  Rupert (D:15)
  2 deep elf blademasters
  2 deep elf master archers (Elf:3)
  A sphinx (Vaults:4)
  Agnes (D:15)
  Kirke (Elf:1)
  Aizul (Snake:1)
  3 fenstrider witches (Swamp:4)
  5 nagarajas
  Donald (Snake:2)
  2 deep elf elementalists (Elf:3)
  6 deep elf sorcerers (Elf:3)
  5 vault wardens
  Louise (Elf:2)
  4 ironbound preservers
  The ghost of Newt the Impaler, a journeyman MfGl of Hepliaklqana (Lair:4)
  An orc warlord (Vaults:1)
  2 very ugly things (Vaults:3)
  2 ironbound thunderhulks (Vaults:1)
  5 eleionomae
  7 deep elf death magi
  4 dire elephants
  7 deep elf annihilators (Elf:3)
  2 deep elf demonologists (Elf:3)
  Nessos (D:15)
  9 bunyips
  Azrael (Orc:1)
  2 crystal guardians (Vaults:2)
  Josephine (D:12)
  A green death (Swamp:4)
  2 shambling mangroves
  5 deep elf high priests (Elf:3)
  4 great orbs of eyes
  A peacekeeper (Vaults:2)
  A vault guard (D:13)
  A rakshasa (D:15)
  Erolcha (Orc:2)
  15 hydras
  3 ghost crabs
  12 anacondas
  3 ironbound frosthearts
  2 catoblepae
  Erica (D:8)
  A boulder beetle (D:15)
  An ogre mage (Swamp:4)
  5 alligators
  27 dancing weapons
  9 death yaks
  3 centaur warriors
  A two-headed ogre (D:14)
  A hell hog (Swamp:4)
  Urug (Orc:2)
  A spriggan berserker (Swamp:4)
  20 naga warriors
  8 shock serpents
  10 naga sharpshooters
  2 occultists (Swamp:4)
  4 orc high priests
  17 deep elf knights
  A soul eater (D:14)
  A skyshark (Lair:5)
  4 salamander mystics
  3 sixfirhies
  5 skeletal warriors (D:12)
  6 spriggan druids
  A death drake (Swamp:4)
  2 goliath frogs
  5 mana vipers
  9 sea snakes
  16 deep trolls
  9 deep elf archers
  A glowing orange brain (D:15)
  4 bog bodies
  An elf zombie (Vaults:2)
  3 naga ritualists
  4 swamp dragons
  3 harpies (Vaults:1)
  4 arcanists
  3 lindwurms (Vaults:1)
  12 orc knights
  7 ironbound convokers
  A necromancer (Vaults:2)
  30 deep elf zephyrmancers
  21 deep elf pyromancers
  6 orc sorcerers
  A wolf spider (D:15)
  A manticore (D:15)
  14 salamanders
  3 cyclopes
  A human zombie (Vaults:2)
  17 ugly things
  Maurice (D:8)
  2 elephants
  6 will-o-the-wisps
  2 kobold blastminers (Orc:2)
  29 black mambas
  13 naga magi
  5 guardian serpents
  3 meliai (D:15)
  3 rust devils (D:14)
  6 vault sentinels
  5 smoke demons
  A torpor snail (Lair:5)
  5 orange demons
  14 cane toads
  2 freezing wraiths
  15 yaktaurs
  5 rime drakes
  A kobold demonologist (D:12)
  Psyche (D:8)
  4 komodo dragons (Lair:4)
  An ice devil (D:14)
  7 trolls
  A bloated husk (Swamp:3)
  17 blink frogs
  7 polar bears
  2 hellwings (Swamp:4)
  7 tyrant leeches
  13 hornets
  A snapping turtle (shapeshifter) (D:15)
  A dream sheep (Lair:5)
  12 slime creatures
  A centaur simulacrum (D:15)
  An air elemental (Elf:2)
  3 water elementals
  A shadow (D:10)
  6 wraiths
  11 wyverns
  16 spriggans
  A hog (Elf:1)
  4 fire elementals
  56 yaks
  A steam dragon (D:7)
  A neqoxec (D:14)
  4 wargs
  8 basilisks
  9 vampire mosquitoes
  An elf simulacrum (Vaults:2)
  A chaos spawn (Swamp:4)
  15 swamp worms
  A swamp worm (shapeshifter) (Vaults:1)
  35 nagas
  3 hell hounds (Orc:2)
  17 water moccasins
  25 orc warriors
  3 boggarts (Lair:5)
  2 laughing skulls (D:14)
  5 ogres
  25 wolves
  22 centaurs
  3 kobold brigands
  24 bullfrogs
  A human skeleton (Vaults:2)
  5 earth elementals
  4 scorpions
  4 wights (D:8)
  9 killer bees
  A vampire bat (Orc:2)
  7 howler monkeys
  An electric eel (D:12)
  A gnoll bouda (Lair:2)
  20 jellies
  2 hounds (D:9)
  15 orc priests
  5 iguanas
  Terence (D:3)
  A sleepcap (D:7)
  23 orc wizards
  7 hell rats (D:14)
  12 adders
  12 gnolls
  A shadow imp (D:6)
  A white imp (D:7)
  2 ufetubi (D:6)
  2 dart slugs
  4 ribbon worms
  62 orcs
  6 ball pythons
  12 endoplasms
  A giant cockroach (D:1)
  3 goblins
  6 hobgoblins
  A jackal (D:7)
  26 kobolds
  5 quokkas
  12 bats
  3 frilled lizards
  5 rats
  2 butterflies
1226 creatures vanquished.

Vanquished Creatures (collateral kills)
  A nagaraja (Snake:4)
  3 anacondas
  A two-headed ogre (D:9)
  A naga warrior (Snake:4)
  4 shock serpents
  A deep elf knight (Elf:2)
  A salamander mystic (Snake:4)
  A mana viper (Snake:2)
  A sea snake (Snake:4)
  A naga ritualist (Snake:4)
  3 deep elf zephyrmancers (Elf:2)
  2 salamanders (Snake:4)
  A black mamba (Snake:2)
  A guardian serpent (Snake:4)
  2 naga magi (Snake:4)
  An ice devil (D:14)
  A troll (D:5)
  9 nagas
  An acid dragon (Snake:4)
  An ogre (D:7)
  A centaur (D:14)
  A kobold brigand (D:8)
  A scorpion (D:5)
  4 orc wizards
  A gnoll (D:6)
  5 orcs
  2 kobolds (D:8)
52 creatures vanquished.

Vanquished Creatures (others)
  A nagaraja (Snake:4)
  A deep elf high priest (Elf:3)
  A salamander mystic (Snake:4)
  A deep elf zephyrmancer (Elf:3)
  A deep elf pyromancer (Elf:1)
  3 blink frogs (Lair:1)
  A wraith (D:11)
  3 humans (Elf:1)
  A chaos spawn (Swamp:4)
  2 water moccasins (Lair:3)
  A phantom (D:6)
  14 foxfires
30 creatures vanquished.

Grand Total: 1308 creatures vanquished

Notes
Turn   | Place    | Note
-------+----------+-------------------------------------------
     0 | D:1      | Xavori the Djinni Chaos Knight began the quest for the Orb.
     0 | D:1      | Reached XP level 1. HP: 20/20 MP: 0/0
    86 | D:1      | XOM: silly message
   143 | D:1      | Reached XP level 2. HP: 25/25 MP: 0/0
   189 | D:1      | XOM: divination: detect creatures
   201 | D:1      | XOM: divination: detect creatures
   418 | D:1      | Reached XP level 3. HP: 26/30 MP: 0/0
   418 | D:1      | Learned a level 1 spell: Sandblast
   470 | D:1      | XOM: silly message
   585 | D:1      | Reached skill level 1 in Spellcasting
   585 | D:1      | Reached skill level 1 in Conjurations
   585 | D:1      | Reached skill level 1 in Hexes
   585 | D:1      | Reached skill level 1 in Summonings
   585 | D:1      | Reached skill level 1 in Necromancy
   585 | D:1      | Reached skill level 1 in Translocations
   585 | D:1      | Reached skill level 1 in Fire Magic
   585 | D:1      | Reached skill level 1 in Ice Magic
   585 | D:1      | Reached skill level 1 in Air Magic
   585 | D:1      | Reached skill level 1 in Earth Magic
   585 | D:1      | Reached skill level 1 in Alchemy
  2568 | D:1      | XOM is BORED!
  3449 | D:1      | XOM: draining
  4082 | D:1      | XOM: scenery: summon butterflies
  4835 | D:1      | XOM: god gift: 2 javelins
  4980 | D:1      | XOM: divination: detect creatures
  5215 | D:1      | XOM: divination: detect items
  5279 | D:1      | XOM: divination: detect creatures
  5590 | D:1      | XOM: god gift: 524 gold pieces
  5805 | D:1      | XOM is BORED!
  5805 | D:1      | XOM: noise
  6034 | D:1      | XOM: scenery: create altars
  6309 | D:1      | XOM: give mutations
  6309 | D:1      | Gained mutation: You have hidden genetic potential. [Xom's
                  | grace]
  6309 | D:1      | Gained mutation: You have a somewhat thin skeletal
                  | structure. (Dex +2, Stealth+) [Xom's grace]
  6309 | D:1      | Gained mutation: Your mind is acute. (Int +4, Str/Dex -1)
                  | [Xom's grace]
  6434 | D:1      | XOM: give mutation
  6434 | D:1      | Gained mutation: You passively map a small area around you.
                  | [Xom's grace]
  6507 | D:1      | XOM: give mutations
  6507 | D:1      | Gained mutation: Your muscles are strong. (Str +4, Int/Dex
                  | -1) [Xom's grace]
  6507 | D:1      | Gained mutation: Your muscles are very strong. (Str +8,
                  | Int/Dex -2) [Xom's grace]
  6525 | D:1      | XOM: god gift: wand of charming (6)
  6810 | D:1      | XOM: god gift: +0 buckler of cold resistance
  7202 | D:1      | XOM is BORED!
  7223 | D:1      | XOM: scenery: summon butterflies
  7308 | D:1      | XOM: scenery: create altars
  7855 | D:1      | XOM: god gift: box of beasts
  8100 | D:2      | XOM: confusion (+ monsters)
  8268 | D:2      | Reached XP level 4. HP: 32/34 MP: 0/0
  8282 | D:2      | Found a faded altar of an unknown god.
  8283 | D:2      | Gained mutation: You have a pair of small horns on your
                  | head. [hidden potential]
  8380 | D:2      | XOM: 1-stop teleportation journey
  8540 | D:2      | Noticed a scorpion
  8552 | D:2      | Killed a scorpion
  8553 | D:2      | Reached skill level 1 in Evocations
  8553 | D:2      | Reached XP level 5. HP: 35/40 MP: 0/0
  8553 | D:2      | Learned a level 2 spell: Mercury Vapours
  8570 | D:2      | Gained mutation: Your mind is very acute. (Int +8, Str/Dex
                  | -2) [hidden potential]
  8570 | D:2      | Lost mutation: You have hidden genetic potential. [hidden
                  | potential expressed]
  8632 | D:2      | XOM: god gift: 40 gold pieces
  8751 | D:2      | XOM: give mutations
  8751 | D:2      | Gained mutation: You are clumsy. (Dex -2) [Xom's mischief]
  8751 | D:2      | Lost mutation: You have a somewhat thin skeletal structure.
                  | (Dex +2, Stealth+) [Xom's mischief]
  8751 | D:2      | Gained mutation: Your flesh is almost immune to the effects
                  | of heat. (rF+++) [Xom's mischief]
  8751 | D:2      | Lost mutation: You have a pair of small horns on your head.
                  | [Xom's mischief]
  8838 | D:3      | Noticed Terence
  8848 | D:3      | Killed Terence
  8859 | D:3      | You are sucked into a shaft and drop 2 floors!
  8859 | D:5      | Entered Level 5 of the Dungeon
  8873 | D:5      | Reached XP level 6. HP: 46/46 MP: 0/0
  9088 | D:3      | Found a broken altar of Ashenzari.
  9472 | D:4      | XOM: summons 6 friendly demons
  9555 | D:4      | XOM: give mutations
  9555 | D:4      | Gained mutation: You sometimes lose your temper in combat.
                  | [Xom's mischief]
  9555 | D:4      | Lost mutation: Your flesh is almost immune to the effects
                  | of heat. (rF+++) [Xom's mischief]
  9555 | D:4      | Gained mutation: Your spells are a little easier to cast,
                  | but a little less powerful. [Xom's mischief]
  9555 | D:4      | Gained mutation: You have a somewhat thin skeletal
                  | structure. (Dex +2, Stealth+) [Xom's mischief]
  9915 | D:4      | XOM: enchant monster (good)
  9922 | D:4      | Reached XP level 7. HP: 51/51 MP: 0/0
  9922 | D:4      | Learned a level 3 spell: Call Canine Familiar
 10031 | D:4      | Found a stormy altar of Qazlal.
 10127 | D:5      | XOM: 2-stop teleportation journey
 10144 | D:5      | XOM: confuse monster(s)
 10287 | D:5      | Found a sparkling altar of Nemelex Xobeh.
 10316 | D:5      | XOM: divination: detect creatures
 10423 | D:5      | Found an iron altar of Okawaru.
 10485 | D:5      | XOM: swap monsters
 10683 | D:5      | XOM: give mutations
 10683 | D:5      | Lost mutation: You sometimes lose your temper in combat.
                  | [Xom's mischief]
 10683 | D:5      | Gained mutation: You are partially covered in large bone
                  | plates. (SH +4) [Xom's mischief]
 10683 | D:5      | Lost mutation: Your mind is very acute. (Int +8, Str/Dex
                  | -2) [Xom's mischief]
 10683 | D:5      | Gained mutation: You are partially covered in iridescent
                  | scales. (AC +2) [Xom's mischief]
 10688 | D:5      | Noticed a troll
 10693 | D:5      | XOM: enchant monster (good)
 10700 | D:5      | XOM: smoke on damage
 10712 | D:5      | Killed a troll
 10713 | D:5      | Reached XP level 8. HP: 31/58 MP: 0/0
 10800 | D:5      | XOM: scenery: summon butterflies
 10861 | D:6      | XOM: divine lightning
 11261 | D:6      | XOM: confusion (+ monsters)
 11263 | D:6      | XOM: potion effect (berserk rage)
 11390 | D:6      | Found a staircase to the Ecumenical Temple.
 11426 | D:6      | XOM: summons 1 friendly demon
 11448 | D:6      | Reached skill level 5 in Fighting
 11448 | D:6      | Reached XP level 9. HP: 33/65 MP: 0/0
 11448 | D:6      | Learned a level 3 spell: Swiftness
 11581 | D:6      | Found a glowing silver altar of Zin.
 11777 | D:6      | Reached skill level 5 in Dodging
 11870 | D:6      | Found a glowing golden altar of the Shining One.
 11992 | D:6      | Found a bloodstained altar of Trog.
 11993 | D:6      | Found a hide-covered altar of Uskayaw.
 12297 | D:7      | XOM: polymorph iguana -> jackal
 12482 | D:7      | XOM: divination: detect items
 12699 | D:7      | Found a hazy altar of Hepliaklqana.
 12788 | D:7      | XOM: scenery: 1 doors close
 12790 | D:7      | XOM: polymorph orc warrior -> kobold
 12993 | D:7      | Reached skill level 5 in Long Blades
 13175 | D:8      | XOM: summons friendly white imp
 13419 | D:8      | Noticed Erica
 13427 | D:8      | XOM: confuse monster(s)
 13433 | D:8      | Killed Erica
 13434 | D:8      | Reached skill level 5 in Armour
 13434 | D:8      | Reached XP level 10. HP: 37/72 MP: 0/0
 13544 | D:8      | XOM: summons friendly white imp
 13550 | D:8      | Reached skill level 5 in Spellcasting
 13550 | D:8      | Reached skill level 5 in Conjurations
 13550 | D:8      | Reached skill level 5 in Hexes
 13550 | D:8      | Reached skill level 5 in Summonings
 13550 | D:8      | Reached skill level 5 in Necromancy
 13550 | D:8      | Reached skill level 5 in Translocations
 13550 | D:8      | Reached skill level 5 in Fire Magic
 13550 | D:8      | Reached skill level 5 in Ice Magic
 13550 | D:8      | Reached skill level 5 in Air Magic
 13550 | D:8      | Reached skill level 5 in Earth Magic
 13550 | D:8      | Reached skill level 5 in Alchemy
 13567 | D:8      | Noticed Psyche
 13724 | D:8      | Killed Psyche
 13725 | D:8      | Reached skill level 5 in Evocations
 13745 | D:8      | Identified the +1 robe of the Barracuda {Dex+2 Archmagi}
 13767 | D:8      | XOM: cleaving
 13838 | D:8      | Found a sacrificial altar of Ru.
 13930 | D:8      | Noticed Maurice
 13938 | D:8      | XOM: confuse monster(s)
 13948 | D:8      | Killed Maurice
 14059 | D:8      | XOM: 1-stop teleportation journey
 14498 | D:9      | Found a staircase to the Lair.
 14499 | D:9      | Noticed a two-headed ogre
 14514 | D:9      | XOM: divination: magic mapping
 14531 | D:9      | XOM: polymorph wolf -> troll
 14620 | D:9      | XOM: 4-stop teleportation journey
 14978 | D:9      | Killed a two-headed ogre
 14979 | D:9      | Reached XP level 11. HP: 45/78 MP: 0/0
 14979 | D:9      | Learned a level 4 spell: Olgreb's Toxic Radiance
 15489 | D:9      | Upgraded the game from 0.31-a0-1570-g93c622d222 to
                  | 0.31-a0-1576-ga3383bade6
 15527 | D:10     | Entered Level 10 of the Dungeon
 15564 | D:10     | Found a staircase to the Orcish Mines.
 15641 | D:10     | Found a transporter.
 15643 | D:10     | Noticed a worldbinder
 15647 | D:10     | Noticed a sixfirhy
 15648 | D:10     | Noticed a tentacled starspawn
 15673 | D:10     | Found a transporter.
 15681 | D:10     | Found a one-way gate to the infinite horrors of the Abyss.
 15681 | D:10     | Noticed olddryhag's ghost (novice TrSh)
 15697 | D:10     | Found a flagged portal.
 15716 | Bailey   | Entered a bailey
 16040 | Bailey   | XOM: blink monster(s)
 16041 | Bailey   | XOM: cleaving
 16119 | Bailey   | Noticed an orc knight
 16150 | Bailey   | Killed an orc knight
 16333 | D:10     | XOM: enchant monster (good)
 16416 | D:10     | XOM: 1-stop teleportation journey
 16498 | D:10     | Found Rebous's Armour Boutique.
 16555 | D:10     | XOM: polymorph yak -> yaktaur
 16560 | D:10     | XOM: summons 2 hostile demons
 16569 | D:10     | XOM: silly message
 16572 | D:10     | XOM: noise
 16576 | D:10     | XOM: enchant monster (bad)
 16726 | D:10     | Reached skill level 1 in Shields
 16820 | D:10     | XOM: cast spell 'Death Channel'
 16824 | D:10     | XOM: divination: detect creatures
 17049 | D:10     | Noticed a toenail golem
 17169 | D:10     | Noticed a toenail golem
 17190 | D:10     | Noticed a thrashing horror
 17313 | D:11     | XOM: divine lightning
 17459 | D:11     | XOM: cloud trail
 17479 | D:11     | XOM: summons 2 friendly demons
 17576 | D:11     | Identified the ring "Keamajuiny" {Fly rCorr}
 17592 | D:11     | XOM: blink monster(s)
 17694 | D:11     | Found Obyul's Magic Scroll Shop.
 17697 | D:11     | Bought a scroll of teleportation for 42 gold pieces
 17697 | D:11     | Bought a scroll of identify for 28 gold pieces
 17697 | D:11     | Bought a scroll of enchant weapon for 105 gold pieces
 17697 | D:11     | Bought a scroll of brand weapon for 133 gold pieces
 17752 | D:11     | XOM is BORED!
 17752 | D:11     | XOM: stat loss: -2 Int (13/15)
 17805 | D:11     | Noticed a cyclops
 17815 | D:11     | Killed a cyclops
 18205 | Lair:1   | Entered Level 1 of the Lair of Beasts
 18233 | Lair:1   | XOM: destruction
 18234 | Lair:1   | Reached XP level 12. HP: 81/86 MP: 0/0
 18257 | Lair:1   | XOM: scenery: summon butterflies
 18475 | Lair:1   | Noticed a catoblepas
 18497 | Lair:1   | XOM: 4-stop teleportation journey
 18605 | Lair:1   | XOM: 3-stop teleportation journey
 18675 | Lair:1   | XOM: confusion (+ monsters)
 18693 | Lair:1   | Killed a catoblepas
 18949 | Lair:1   | XOM: cast spell 'Discord'
 18952 | Lair:1   | XOM: potion effect (might)
 19144 | Lair:2   | XOM: summons friendly crimson imp
 19165 | Lair:2   | XOM: swap monsters
 19454 | Lair:2   | XOM: give mutations
 19454 | Lair:2   | Gained mutation: You are strong-willed. (Will+) [Xom's
                  | grace]
 19454 | Lair:2   | Gained mutation: You are highly strong-willed. (Will++)
                  | [Xom's grace]
 19454 | Lair:2   | Gained mutation: You possess an exceptional clarity of
                  | mind. [Xom's grace]
 19491 | Lair:2   | XOM: noise
 19616 | Lair:2   | XOM: 1-stop teleportation journey
 19734 | Lair:2   | XOM: fake destruction
 19735 | Lair:2   | Reached skill level 5 in Shields
 19776 | Lair:2   | XOM: divination: detect creatures
 20330 | Lair:3   | XOM: destruction
 20339 | Lair:3   | XOM: enchant monster (bad)
 20342 | Lair:3   | XOM: 1-stop teleportation journey
 20371 | Lair:3   | XOM: enchant monster (good)
 20383 | Lair:3   | XOM: god gift: 22 gold pieces
 20388 | Lair:3   | XOM: snakes to sticks
 20815 | Lair:3   | XOM: silly message
 20897 | Lair:3   | Found a staircase to the Snake Pit.
 20903 | Lair:3   | XOM: polymorph water moccasin -> elephant
 20918 | Lair:3   | Reached XP level 13. HP: 81/93 MP: 0/0
 20918 | Lair:3   | Learned a level 5 spell: Iskenderun's Battlesphere
 21218 | Lair:3   | XOM: fake destruction
 21221 | Lair:3   | XOM: summons 7 hostile demons
 21245 | Lair:3   | XOM: give mutations
 21245 | Lair:3   | Lost mutation: You are clumsy. (Dex -2) [Xom's mischief]
 21245 | Lair:3   | Gained mutation: Your mind is very acute. (Int +8, Str/Dex
                  | -2) [Xom's mischief]
 21274 | Lair:3   | XOM: summons 9 friendly demons
 21449 | Lair:3   | XOM: noise
 21796 | D:10     | Bought the +3 tower shield of the Curupira {^Contam Regen+
                  | Dex+7} for 534 gold pieces
 21823 | D:10     | XOM: divination: detect creatures
 21915 | Lair:3   | Found a staircase to the Swamp.
 21988 | Lair:3   | XOM: noise
 22068 | Lair:3   | XOM: potion effect (curing)
 22079 | Lair:3   | XOM: god gift: 5 stones
 22164 | Lair:3   | XOM: scenery: summon butterflies
 22166 | Lair:3   | XOM: give mutations
 22166 | Lair:3   | Gained mutation: You are robust. (+10% HP) [Xom's grace]
 22166 | Lair:3   | Gained mutation: You are agile. (Dex +4, Str/Int -1) [Xom's
                  | grace]
 22438 | Lair:4   | Noticed a nine-headed hydra
 22438 | Lair:4   | Noticed Newt's ghost (journeyman MfGl)
 22438 | Lair:4   | Found a runed translucent gate.
 22438 | Lair:4   | Found a runed translucent gate.
 22438 | Lair:4   | Found a runed translucent gate.
 22470 | Lair:4   | XOM: scenery: 1 doors open
 22484 | Lair:4   | XOM: 8-stop teleportation journey
 22486 | Lair:4   | XOM: polymorph yak -> jelly
 22577 | Lair:4   | XOM: polymorph blink frog -> bullfrog
 22579 | Lair:4   | XOM: potion effect (curing)
 22604 | Lair:4   | XOM: potion effect (might)
 22648 | Lair:4   | XOM: divination: detect items
 22655 | Lair:4   | XOM: confuse monster(s)
 22699 | Lair:4   | XOM: give mutations
 22699 | Lair:4   | Gained mutation: A frigid envelope surrounds you and
                  | freezes all who hurt you. [Xom's grace]
 22699 | Lair:4   | Gained mutation: You have a pair of small horns on your
                  | head. [Xom's grace]
 22699 | Lair:4   | Gained mutation: You are mostly covered in iridescent
                  | scales. (AC +4) [Xom's grace]
 22699 | Lair:4   | Gained mutation: You have supernaturally acute eyesight.
                  | (SInv) [Xom's grace]
 22799 | Lair:4   | XOM: enchant monster (bad)
 22943 | Lair:4   | Noticed a catoblepas
 23242 | Lair:5   | Entered Level 5 of the Lair of Beasts
 23255 | Lair:4   | Reached XP level 14. HP: 90/111 MP: 0/0
 23275 | Lair:5   | XOM: enchant monster (bad)
 23413 | Lair:5   | XOM: potion effect (attraction)
 23424 | Lair:5   | XOM: swap monsters
 23523 | Lair:5   | XOM: blink monster(s)
 23628 | Lair:5   | XOM: torment (60/112 hp)
 23632 | Lair:5   | XOM: blink monster(s)
 23671 | Lair:5   | XOM: summons 3 hostile demons
 23808 | Lair:5   | XOM: stat loss: -1 Str (15/16)
 23916 | Lair:5   | Found a staircase to the Slime Pits.
 24026 | Lair:5   | XOM: enchant monster (good)
 24035 | Lair:5   | Reached skill level 10 in Fighting
 24038 | Lair:5   | XOM: cast spell 'Fugue of the Fallen'
 24131 | Lair:5   | XOM: fog
 24532 | Lair:5   | Identified the +4 pair of boots "Ropn" {rF+ Will- Regen+
                  | Dex+8}
 24647 | Lair:4   | XOM: enchant monster (bad)
 24648 | Lair:4   | XOM: divination: detect items
 24660 | Lair:4   | XOM: potion effect (invisibility)
 24668 | Lair:4   | Killed Newt's ghost
 24669 | Lair:4   | Reached skill level 10 in Shields
 24847 | Orc:1    | Entered Level 1 of the Orcish Mines
 24982 | Orc:1    | XOM: confuse monster(s)
 25290 | Orc:2    | Entered Level 2 of the Orcish Mines
 25292 | Orc:2    | Noticed Azrael
 25303 | Orc:1    | Killed Azrael
 25320 | Orc:2    | Reached XP level 15. HP: 115/117 MP: 0/0
 25320 | Orc:2    | Learned a level 6 spell: Sculpt Simulacrum
 25567 | Orc:2    | Found a staircase to the Elven Halls.
 25574 | Orc:2    | Noticed Erolcha
 25589 | Orc:2    | Killed Erolcha
 25813 | Orc:2    | Reached skill level 10 in Spellcasting
 25813 | Orc:2    | Reached skill level 10 in Conjurations
 25813 | Orc:2    | Reached skill level 10 in Hexes
 25813 | Orc:2    | Reached skill level 10 in Summonings
 25813 | Orc:2    | Reached skill level 10 in Necromancy
 25813 | Orc:2    | Reached skill level 10 in Translocations
 25813 | Orc:2    | Reached skill level 10 in Fire Magic
 25813 | Orc:2    | Reached skill level 10 in Ice Magic
 25813 | Orc:2    | Reached skill level 10 in Air Magic
 25813 | Orc:2    | Reached skill level 10 in Earth Magic
 25813 | Orc:2    | Reached skill level 10 in Alchemy
 25816 | Orc:2    | XOM: silly message
 25817 | Orc:2    | Reached skill level 10 in Armour
 25820 | Orc:2    | XOM: divination: detect items
 25845 | Orc:2    | XOM: noise
 25948 | Orc:2    | XOM: silly message
 25972 | Orc:2    | XOM: silly message
 25980 | Orc:2    | Found Wiguol's Book Shop.
 25985 | Orc:2    | Found Iheciryp's Magic Scroll Emporium.
 25992 | Orc:2    | Bought a scroll of acquirement for 780 gold pieces
 25992 | Orc:2    | Bought a scroll of teleportation for 45 gold pieces
 25992 | Orc:2    | Bought a scroll of teleportation for 45 gold pieces
 25992 | Orc:2    | Bought a scroll of blinking for 112 gold pieces
 25992 | Orc:2    | Acquired a +2 double sword of electrocution
 25998 | Orc:2    | Found Wonkagiu's Jewellery Emporium.
 26000 | Orc:2    | Found Rowigh's Book Shop.
 26011 | Orc:2    | XOM: silly message
 26070 | Orc:2    | Noticed Urug
 26081 | Orc:2    | XOM: silly message
 26082 | Orc:2    | Killed Urug
 26128 | Orc:2    | XOM: silly message
 26178 | Orc:2    | XOM: noise
 26282 | Orc:1    | XOM: silly message
 26740 | D:12     | XOM: potion effect (might)
 26782 | D:12     | Noticed Josephine
 26789 | D:12     | Killed Josephine
 26935 | D:12     | Found a viscous altar of Jiyva.
 26953 | D:12     | Reached skill level 10 in Long Blades
 27296 | D:12     | XOM: silly message
 27413 | D:12     | XOM: divination: detect creatures
 27513 | D:13     | XOM: potion effect (haste)
 27518 | D:13     | XOM: silly message
 27857 | D:13     | Found a gate to the Vaults.
 27858 | D:13     | XOM: scenery: summon butterflies
 27890 | D:13     | XOM: summons 8 hostile demons
 28008 | D:13     | XOM: god gift: book of Death
 28391 | D:6      | XOM: give mutation
 28391 | D:6      | Lost mutation: You possess an exceptional clarity of mind.
                  | [Xom's mischief]
 28559 | D:14     | XOM: 2-stop teleportation journey
 28678 | D:14     | XOM: summons friendly ufetubus
 28716 | D:14     | XOM: god gift: robe {god gift}
 28765 | D:14     | XOM: enchant monster (good)
 28904 | D:14     | XOM: noise
 28905 | D:14     | XOM: summons friendly ufetubus
 28951 | D:14     | Reached XP level 16. HP: 127/127 MP: 0/0
 28969 | D:14     | XOM: summons 3 friendly demons
 28970 | D:14     | XOM: fog
 28982 | D:14     | XOM: 5-stop teleportation journey
 29011 | D:14     | XOM: enchant monster (good)
 29034 | D:14     | XOM: polymorph wyvern -> adder
 29036 | D:14     | XOM: enchant monster (good)
 29041 | D:14     | XOM: noise
 29078 | D:14     | XOM: cast spell 'Disjunction'
 29236 | D:14     | XOM: swap monsters
 29626 | Swamp:1  | Entered Level 1 of the Swamp
 29694 | Swamp:1  | XOM: enchant monster (bad)
 29737 | Swamp:1  | XOM: torment (72/128 hp)
 29751 | Swamp:1  | XOM: chaos upgrade
 29761 | Swamp:1  | XOM: summons 16 friendly demons
 30238 | Swamp:1  | XOM: swap monsters
 30446 | Swamp:2  | XOM: cleaving
 30563 | Swamp:2  | XOM: cleaving
 30584 | Swamp:2  | XOM: fake destruction
 30587 | Swamp:2  | XOM: scenery: summon butterflies
 30721 | Swamp:2  | XOM: summons 9 hostile demons
 30794 | Swamp:2  | XOM: fake destruction
 30807 | Swamp:2  | XOM: potion effect (brilliance)
 30868 | Swamp:1  | XOM: give mutations
 30868 | Swamp:1  | Lost mutation: Your spells are a little easier to cast, but
                  | a little less powerful. [Xom's mischief]
 30868 | Swamp:1  | Lost mutation: You passively map a small area around you.
                  | [Xom's mischief]
 30908 | Swamp:2  | XOM: confusion
 30942 | Swamp:1  | Reached skill level 10 in Dodging
 30949 | Swamp:2  | XOM: confusion (+ monsters)
 31244 | Swamp:3  | XOM: confuse monster(s)
 31405 | Swamp:3  | XOM: confusion
 31406 | Swamp:3  | XOM: noise
 31524 | Swamp:3  | Reached XP level 17. HP: 128/135 MP: 0/0
 31524 | Swamp:3  | Learned a level 6 spell: Death Channel
 31629 | Swamp:3  | XOM: chaos cloud
 31751 | Swamp:4  | Entered Level 4 of the Swamp
 31793 | Swamp:4  | XOM: 1-stop teleportation journey
 31842 | Swamp:4  | XOM: give mutations
 31842 | Swamp:4  | Gained mutation: You have a pair of horns on your head.
                  | [Xom's grace]
 31842 | Swamp:4  | Gained mutation: You are very agile. (Dex +8, Str/Int -2)
                  | [Xom's grace]
 31842 | Swamp:4  | Gained mutation: You passively map a small area around you.
                  | [Xom's grace]
 31869 | Swamp:4  | XOM: enchant monster (bad)
 31931 | Swamp:4  | XOM: cleaving
 31967 | Swamp:4  | XOM: summons friendly ufetubus
 31968 | Swamp:4  | XOM: cleaving
 31984 | Swamp:4  | XOM: chaos cloud
 32039 | Swamp:4  | Found a large runed translucent door.
 32039 | Swamp:4  | Found a large runed translucent door.
 32048 | Swamp:4  | Noticed hikkokomori's ghost (adept GrEE)
 32232 | Swamp:4  | XOM: fog
 32245 | Swamp:4  | XOM: enchant monster (good)
 32273 | Swamp:4  | XOM: polymorph green death -> hell hog
 32274 | Swamp:4  | XOM: stat loss: -1 Str (16/17)
 32277 | Swamp:4  | XOM: smoke on damage
 32308 | Swamp:4  | XOM: give mutations
 32308 | Swamp:4  | Lost mutation: You passively map a small area around you.
                  | [Xom's mischief]
 32308 | Swamp:4  | Lost mutation: You have a pair of horns on your head.
                  | [Xom's mischief]
 32333 | Swamp:4  | Got a decaying rune of Zot
 32451 | Swamp:4  | XOM: confusion
 32456 | Swamp:4  | XOM: noise
 32689 | Swamp:4  | XOM: confusion
 32853 | Snake:1  | Entered Level 1 of the Snake Pit
 32855 | Snake:1  | XOM: enchant monster (bad)
 32860 | Snake:1  | XOM: 2-stop teleportation journey
 32874 | Snake:1  | XOM: chaos upgrade
 32958 | Snake:1  | XOM: 1-stop teleportation journey
 32959 | Snake:1  | XOM: scenery: summon butterflies
 32971 | Snake:1  | XOM: enchant monster (bad)
 32973 | Snake:1  | Identified the serpent talisman "Herefoj" {rElec Will-
                  | rCorr Str+2 Dex+3}
 32973 | Snake:1  | Noticed Aizul
 32981 | Snake:1  | XOM: snakes to sticks
 32984 | Snake:1  | XOM: chaos upgrade
 32992 | Snake:1  | XOM: noise
 33003 | Snake:1  | Killed Aizul
 33005 | Snake:1  | XOM: potion effect (might)
 33010 | Snake:1  | XOM: noise
 33061 | Snake:1  | XOM: chaos upgrade
 33112 | Snake:1  | Found Ygobaot's Book Shop.
 33114 | Snake:1  | Found Lottuucw's Assorted Antiques.
 33114 | Snake:1  | Found Abiekith's General Store.
 33121 | Snake:1  | Found Loashruna's Assorted Antiques.
 33126 | Snake:1  | Bought a pair of ichor-stained gloves for 304 gold pieces
 33126 | Snake:1  | Identified the +2 pair of gloves "Caxec" {Str+3 Dex+3
                  | Stlth+} (You bought it in a shop on level 1 of the Snake
                  | Pit)
 33143 | Snake:1  | Bought a scroll of blinking for 195 gold pieces
 33547 | Orc:2    | Bought the amulet "Neis" {Reflect rC+ rN+ SH+5} for 819
                  | gold pieces
 33772 | Snake:2  | Reached XP level 18. HP: 144/144 MP: 0/0
 33918 | Snake:2  | Found Qiet's General Store.
 33922 | Snake:2  | Found Ischipoma's Magic Scroll Boutique.
 34217 | Snake:2  | XOM: summons 1 hostile shadow creature
 34255 | Snake:2  | XOM: 2-stop teleportation journey
 34258 | Snake:2  | XOM: summons 7 friendly demons
 34597 | Snake:2  | XOM: give mutations
 34597 | Snake:2  | Gained mutation: You have a pair of horns on your head.
                  | [Xom's grace]
 34597 | Snake:2  | Gained mutation: You are extremely strong-willed. (Will+++)
                  | [Xom's grace]
 34597 | Snake:2  | Gained mutation: You expend health (3 HP) to strengthen
                  | your wands. [Xom's grace]
 34613 | Snake:2  | Identified the +1 kite shield "Cuyffu" {rPois Will+ Str+2}
 34613 | Snake:2  | Noticed Donald
 34623 | Snake:2  | Killed Donald
 34697 | Snake:2  | XOM: fog
 34769 | Snake:2  | XOM: 5-stop teleportation journey
 35240 | Snake:3  | XOM: potion effect (curing)
 35268 | Snake:3  | XOM: silly message
 35668 | Snake:3  | Reached skill level 1 in Shapeshifting
 36169 | Snake:4  | XOM: noise
 36169 | Snake:4  | Entered Level 4 of the Snake Pit
 36180 | Snake:4  | XOM: silly message
 36333 | Snake:4  | XOM: swap monsters
 36343 | Snake:4  | XOM: enchant monster (good)
 36375 | Snake:4  | XOM: summons friendly quasit
 36423 | Snake:4  | XOM: enchant monster (good)
 36437 | Snake:4  | XOM: polymorph naga warrior -> acid dragon
 36458 | Snake:4  | Reached XP level 19. HP: 135/152 MP: 0/0
 36458 | Snake:4  | Learned a level 6 spell: Bombard
 36500 | Snake:4  | XOM: 1-stop teleportation journey
 36623 | Snake:4  | XOM: snakes to sticks
 36638 | Snake:4  | Identified the +0 scale mail of the Camelopard {Str+3 Int+3
                  | Dex-4}
 36655 | Snake:4  | Found Jumigadi's General Store.
 36656 | Snake:4  | Found Tyninoc's Specific Store.
 36704 | Snake:4  | Bought a scroll of blinking for 82 gold pieces
 36715 | Snake:4  | XOM: snakes to sticks
 36978 | Snake:4  | XOM: summons 4 friendly demons
 36987 | Snake:4  | XOM: summons 7 friendly demons
 37047 | Snake:4  | XOM: scenery: summon butterflies
 37050 | Snake:4  | XOM: swap monsters
 37057 | Snake:4  | Reached skill level 5 in Shapeshifting
 37119 | Snake:4  | Got a serpentine rune of Zot
 37504 | Elf:1    | Entered Level 1 of the Elven Halls
 37504 | Elf:1    | XOM: chaos upgrade
 37512 | Elf:1    | XOM: repel stairs
 37560 | Elf:1    | Noticed Kirke
 37568 | Elf:1    | Killed Kirke
 37585 | Elf:1    | Noticed Nikola
 37599 | Elf:1    | Killed Nikola
 37680 | Elf:1    | XOM: scenery: 1 doors open, 1 doors close
 37757 | Elf:1    | XOM: scenery: 1 doors close
 37853 | Elf:1    | Found Hesmeuti's Overcharged Wands.
 38187 | Elf:1    | XOM: give mutation
 38187 | Elf:1    | Lost mutation: You have a somewhat thin skeletal structure.
                  | (Dex +2, Stealth+) [Xom's mischief]
 38436 | Elf:2    | XOM: enchant monster (good)
 38458 | Elf:2    | XOM: enchant monster (good)
 38469 | Elf:2    | XOM: polymorph deep elf knight -> black mamba
 38501 | Elf:2    | XOM: confuse monster(s)
 38575 | Elf:2    | Reached XP level 20. HP: 161/161 MP: 0/0
 38576 | Elf:2    | Found a runed translucent gate.
 38576 | Elf:2    | Found a runed translucent gate.
 38576 | Elf:2    | Found a runed translucent gate.
 38700 | Elf:2    | Noticed Louise
 38700 | Elf:2    | XOM: 8-stop teleportation journey
 38738 | Elf:2    | XOM: scenery: summon butterflies
 38739 | Elf:2    | XOM: summons 6 friendly demons
 38754 | Elf:2    | XOM: cloud trail
 38778 | Elf:2    | XOM: divination: magic mapping
 38935 | Abyss:2  | Cast into level 2 of the Abyss (+6 quick blade of
                  | distortion)
 38976 | Elf:2    | Escaped the Abyss
 38992 | Elf:2    | XOM: god gift: 22 gold pieces
 39013 | Elf:2    | Killed Louise
 39231 | Elf:2    | Found Facikk's Distillery.
 39234 | Elf:2    | Bought a potion of heal wounds for 65 gold pieces
 39262 | Elf:3    | Entered Level 3 of the Elven Halls
 39450 | Elf:3    | XOM: summons friendly white imp
 39561 | Elf:3    | XOM: scenery: 2 doors open, 2 doors close
 39591 | Elf:3    | XOM: fog
 39592 | Elf:3    | XOM: summons 12 friendly demons
 39783 | Elf:3    | Paralysed by an air elemental for 1 turns
 39784 | Elf:3    | Noticed an Ice Fiend
 39786 | Elf:3    | Identified the +3 scale mail of the Pit {rElec Will+ Int-4}
 39814 | Elf:3    | XOM: 1-stop teleportation journey
 39843 | Elf:3    | Noticed Asterion
 39862 | Elf:3    | XOM: chaos cloud
 39862 | Elf:3    | Identified the +9 scale mail "Dioff" {rPois rF+ Int-3}
 39864 | Elf:3    | Killed Asterion
 39936 | Elf:3    | XOM: stat loss: -1 Dex (37/38)
 39938 | Elf:2    | XOM: noise
 39941 | Elf:2    | XOM: enchant monster (bad)
 40446 | Elf:3    | Found Piat's Antique Weapon Boutique.
 40765 | Elf:3    | XOM: summons 10 hostile demons
 40898 | Elf:3    | XOM: enchant monster (bad)
 41046 | Elf:3    | Identified the staff of Slime {Int-2 Dex-2 Summ Earth
                  | Alchemy}
 41134 | Elf:3    | Identified the +9 mace "Kemmeluj" {freeze, rC+ Dex+2}
 41292 | Elf:3    | Reached XP level 21. HP: 148/169 MP: 0/0
 41292 | Elf:3    | Learned a level 8 spell: Summon Horrible Things
 41343 | Elf:3    | XOM: scenery: 1 doors close
 41377 | Elf:3    | XOM: torment (92/165 hp)
 41722 | D:15     | Entered Level 15 of the Dungeon
 41741 | D:15     | XOM: confusion
 41747 | D:15     | XOM: swap monsters
 41794 | D:15     | Noticed Nessos
 41798 | D:15     | Killed Nessos
 41875 | D:15     | Noticed Rupert
 41878 | D:15     | XOM: enchant monster (bad)
 41888 | D:15     | XOM: give mutations
 41888 | D:15     | Lost mutation: Your muscles are very strong. (Str +8,
                  | Int/Dex -2) [Xom's mischief]
 41888 | D:15     | Lost mutation: You are robust. (+10% HP) [Xom's mischief]
 41888 | D:15     | Lost mutation: You have a pair of horns on your head.
                  | [Xom's mischief]
 41888 | D:15     | Lost mutation: You are partially covered in large bone
                  | plates. (SH +4) [Xom's mischief]
 41893 | D:15     | Killed Rupert
 42082 | D:15     | XOM: swap monsters
 42183 | D:15     | Noticed Agnes
 42197 | D:15     | Killed Agnes
 42367 | D:15     | Identified the +7 chain mail "Vaex" {+Blink rElec rPois
                  | Stlth+}
 42453 | D:15     | XOM: enchant monster (bad)
 42491 | D:15     | Found a staircase to the Depths.
 42586 | Vaults:1 | Entered Level 1 of the Vaults
 42621 | Vaults:1 | Reached skill level 15 in Fighting
 42766 | Vaults:1 | XOM: enchant monster (good)
 42767 | Vaults:1 | XOM: summons 11 hostile demons
 42772 | Vaults:1 | XOM: swap monsters
 42780 | Vaults:1 | XOM: noise
 42781 | Vaults:1 | XOM: noise
 42808 | Vaults:1 | XOM: noise
 43076 | Vaults:1 | XOM: 1-stop teleportation journey
 43216 | Vaults:1 | XOM: 10-stop teleportation journey
 43316 | Vaults:1 | XOM: divination: detect items
 43384 | Vaults:1 | XOM: god gift: scroll of amnesia
 43477 | Vaults:1 | XOM: divination: detect items
 43892 | Vaults:2 | XOM: scenery: create altars
 43894 | Vaults:2 | You are sucked into a shaft and drop 2 floors!
 43897 | Vaults:4 | Reached skill level 15 in Armour
 44070 | Vaults:4 | XOM: draining
 44123 | Vaults:4 | XOM: divination: detect items
 44146 | Vaults:3 | XOM: scenery: 1 doors close
 44277 | Vaults:3 | XOM: cleaving
 44309 | Vaults:3 | XOM: summons 16 friendly demons
 44315 | Vaults:3 | Reached skill level 10 in Shapeshifting
 44327 | Vaults:3 | XOM: noise
 44340 | Vaults:3 | Reached XP level 22. HP: 71/161 MP: 0/0
 44353 | Vaults:3 | XOM: divination: detect creatures
 44356 | Vaults:3 | XOM: cleaving
 44356 | Vaults:3 | HP: 3/161 [ironbound thunderhulk/bolt of lightning[a
                  | glowing orange brain] (19)]
 44356 | Vaults:3 | Killed from afar by a glowing orange brain

Illustrated notes

Levels and vault maps discovered:
D:1:      dpeg_arrival_shelter, layout_loops_cross
D:2:      minmay_chambers_of_ones, layout_loops_cross,
          shapermc_ecumenical_altar_acropolis
D:3:      layout_basic, ashenzari_conservatory_becter,
          ebering_dispersal_statue_hall, nrook_mini_backslash, uniq_terence
D:4:      layout_rooms, kennysheep_little_box, minmay_misc_feat_cross
D:5:      layout_rooms, lemuel_coloured_pillars_altar,
          kennysheep_okawaru_gauntlet
D:6:      layout_rooms, tso_metal_star, marbit_many_paths,
          nicolae_overflow_two_pavilions, minmay_temple_entry_butterflies,
          dk_vineyard_2
D:7:      layout_basic, mainiacjoe_overflow_alcove_2
D:8:      minmay_weird_star, layout_basic,
          mainiacjoe_overflow_concentric_impassable, uniq_maurice, uniq_psyche,
          uniq_erica
D:9:      layout_loops_ring, erik_lair_island
D:10:     layout_roguey, david_orc_1_choice, gammafunk_ghost_abyssal_escape,
          enter_bailey_6, serial_shops, nicolae_shop_advertising_works
          [nicolae_subvault_shop_adworks]
D:11:     layout_loops_cross, serial_shops, nicolae_shop_rolled_up
D:12:     layout_basic, jiyva_altar_1, uniq_josephine
D:13:     layout_irregular_city, erik_vaults_1
D:14:     layout_roguey [special_room_mythical_zoo],
          serial_library_regret_index_double_sided, serial_demonic,
          serial_demonic_g, serial_demonic_a, serial_demonic_a,
          serial_demonic_b, beargit_elvish_explorers
D:15:     gammafunk_enter_depths_forms, layout_long_grid,
          minmay_misc_feat_plants, uniq_nessos, uniq_agnes, uniq_rupert
Lair:1:   layout_gridlike, infiniplex_staircase_pool_2
Lair:2:   layout_hall_layers, dreamdust_gnoll_shepherd, lemuel_fruit_fields,
          lemuel_fruit_tree, grunt_megastairs_2
Lair:3:   layout_hall_layers, swamp_mist, minmay_snake_entry_six_corridors,
          beast_lair_carwin_10
Lair:4:   layout_regular_city, gammafunk_ghost_hydra_chop
Lair:5:   minmay_lair_end_enchanted_forest, layout_long_grid,
          minmay_slime_entry_jelly_boxes, grunt_forest_small_clearing_treed,
          serial_bayou_shore_b
Swamp:1:  layout_basic_swamp, serial_swamp_ruin, evilmike_swamp_ruin_rubble_2,
          evilmike_swamp_ruin_house_6, infiniplex_staircase_pool
Swamp:2:  layout_basic_swamp, evilmike_swamp_ruin_house_2,
          nicolae_swamp_bunyip_nook, nicolae_swamp_decorative_isthmus
Swamp:3:  layout_falls_marsh, nicolae_swamp_stuck_in_the_mud
Swamp:4:  nzn_swamp_witches_coven, layout_basic_swamp,
          ebering_ghost_disaster_area
Snake:1:  layout_rooms, minmay_shop_grid_forest, library_closet, uniq_aizul
Snake:2:  layout_chambers, hangedman_snake_corridor_split, minmay_shoptagon,
          uniq_donald
Snake:3:  layout_basic, serial_bayou_shore_a, grunt_megastairs_1
Snake:4:  grunt_snake_rune_pools, layout_cave_town, grunt_ministairs_7,
          nicolae_specific_store, nicolae_snake_omega
Orc:1:    layout_diamond_mine
Orc:2:    st_orc_elflike, layout_caves, roderic_batcave, uniq_urug,
          uniq_erolcha, uniq_azrael
Elf:1:    eino_elf_arrival_sip, layout_geoelf_grid, minmay_elf_crystal_hexagon,
          hangedman_elf_simple_split, nicolae_shop_overcharged_wands,
          uniq_nikola, uniq_kirke
Elf:2:    elven_hall_of_blades_hangedman_original
          [nicolae_blade_entry_sentries_behind_glass], layout_rooms,
          serial_shops, nicolae_shop_tiny_real_fake_doors,
          minmay_misc_feat_pillars, moated_statue, uniq_louise
Elf:3:    minmay_elf_hall_quartered_circle, layout_onion_city, serial_shops,
          nicolae_shop_peninsula, uniq_asterion
Vaults:1: nicolae_vaults_variable_pillar_hall, nicolae_vaults_big_ls,
          v_alt_pattern_2, v_misc_9, lightli_church_of_beogh,
          nicolae_vaults_double_plus_1, hangedman_vaults_trim,
          hangedman_vaults_stitches, nicolae_vaults_layer_cake_slice,
          grunt_vaults_swirl, nicolae_vaults_variable_pillar_hall,
          vaults_room_semicircle, nicolae_vaults_angled_halls,
          layout_vaults_omnibox
Vaults:2: nicolae_vaults_security_offices_1, hangedman_vaults_river_flow,
          v_misc_3, vaults_room_boxed, nicolae_vaults_angled_halls,
          nicolae_vaults_prndl, v_misc_22, nicolae_vaults_storage_closets_1,
          grunt_vaults_hallway_long, nicolae_vaults_tetromino_L_1, v_misc_10,
          vaults_room_corners, layout_vaults_ring, serial_shops, shop, shop
Vaults:3: nicolae_vaults_tetromino_L_1, minmay_crypt_entry_necro_gods,
          hangedman_vaults_snaps, nicolae_vaults_trapezoid_2,
          nicolae_vaults_know_your_exits, layout_vaults_omnigrid, serial_shops,
          shop
Vaults:4: hangedman_vaults_variations, nicolae_vaults_diagonal_hallway_8,
          nicolae_vaults_ninety_degrees, nicolae_vaults_display_case,
          nicolae_vaults_closet_pinwheel_3, nicolae_vaults_two_Ls,
          nicolae_vaults_frosty_reception, v_misc_18,
          hangedman_vaults_restitches, ontoclasm_vaults_tryst,
          nicolae_vaults_lightning_bolt, nicolae_vaults_two_Ls,
          nicolae_vaults_trapezoid_lopsided_1, v_misc_24,
          layout_vaults_maze_snakey, uniq_frederick

Skill      XL: |  1  2  3  4  5  6  7  8  9 10 11 12 13 14 15 16 17 18 19 20 21 |
---------------+----------------------------------------------------------------+-----
Spellcasting   | 1 2 3 4 5 6 7 8 9 11 12 13 | 13.7
Conjurations   | 1 2 3 4 5 6 7 8 9 11 12 13 | 13.7
Hexes          | 1 2 3 4 5 6 7 8 9 11 12 13 | 13.7
Summonings     | 1 2 3 4 5 6 7 8 9 11 12 13 | 13.7
Necromancy     | 1 2 3 4 5 6 7 8 9 11 12 13 | 13.7
Translocations | 1 2 3 4 5 6 7 8 9 11 12 13 | 13.7
Fire Magic     | 1 2 3 4 5 6 7 8 9 11 12 13 | 13.7
Ice Magic      | 1 2 3 4 5 6 7 8 9 11 12 13 | 13.7
Air Magic      | 1 2 3 4 5 6 7 8 9 11 12 13 | 13.7
Earth Magic    | 1 2 3 4 5 6 7 8 9 11 12 13 | 13.7
Alchemy        | 1 2 3 4 5 6 7 8 9 11 12 13 | 13.7
Long Blades    | 3 4 5 6 7 8 9 10 11 12 13 14 | 14.1
Armour         | 2 3 4 5 6 7 8 9 10 11 12 13 14 15 | 15.1
Dodging        | 3 4 6 7 8 9 10 11 12 13 14 | 14.7
Evocations     | 1 2 3 4 5 6 7 8 9 |  9.5
Fighting       | 4 5 6 7 8 9 10 11 12 13 14 15 | 15.3
Shields        | 3 5 8 10 11 13 14 | 14.5
Shapeshifting  | 3 6 8 10 | 10.0

Action                     |  1- 3 |  4- 6 |  7- 9 | 10-12 | 13-15 | 16-18 | 19-21 | 22-24 || total
---------------------------+-------+-------+-------+-------+-------+-------+-------+-------++-------
  Melee: Falchion          |    79 |   166 |   335 |       |       |       |       |       ||   580
         Headbutt          |       |     7 |       |       |   191 |   333 |   376 |     2 ||   909
         Scimitar          |       |       |       |   597 |   646 |    23 |       |       ||  1266
         Double sword      |       |       |       |       |   221 |  1020 |  1117 |    11 ||  2369
   Cast: Mercury Vapours   |       |       |     3 |    22 |     5 |     1 |     2 |       ||    33
         Call Canine Famil |       |       |     4 |     2 |     2 |       |     1 |       ||     9
         Olgreb's Toxic Ra |       |       |       |    41 |    75 |    10 |    21 |       ||   147
         Swiftness         |       |       |       |       |     2 |     1 |     2 |     1 ||     6
         Iskenderun's Batt |       |       |       |       |     1 |       |       |       ||     1
         Death Channel     |       |       |       |       |       |       |     4 |       ||     4
         Bombard           |       |       |       |       |       |       |     1 |       ||     1
  Evoke: Box of beasts     |       |       |     1 |       |       |       |       |       ||     1
         Wand              |       |       |       |       |     6 |     3 |       |       ||     9
         Phial of floods   |       |       |       |       |       |       |     1 |       ||     1
    Use: Scroll            |       |       |    12 |     8 |    13 |     7 |     3 |       ||    43
         Potion            |       |       |       |       |     2 |       |     4 |       ||     6
   Stab: Sleeping          |     4 |     6 |     5 |     2 |    10 |    12 |    14 |       ||    53
         Paralysed         |     1 |     3 |     1 |       |       |     2 |       |       ||     7
         Distracted        |     1 |       |     1 |       |     5 |     9 |    10 |       ||    26
         Confused          |     1 |       |       |     3 |     1 |     7 |     2 |       ||    14
         Petrified         |       |       |     8 |     8 |       |       |       |       ||    16
         Petrifying        |       |       |     1 |       |       |     2 |     1 |       ||     4
         Invisible         |       |       |       |       |     1 |       |       |       ||     1
 Armour: Leather armour    |    47 |    82 |   221 |   275 |   254 |   119 |       |       ||   998
         Swamp dragon scal |       |       |       |       |       |   157 |   162 |       ||   319
         Scale mail        |       |       |       |       |       |       |    82 |     4 ||    86
  Dodge: Dodged            |    52 |    81 |   334 |   447 |   362 |   411 |   449 |     2 ||  2138
  Block: Buckler           |     4 |    34 |   211 |   343 |    48 |       |       |       ||   640
         Tower shield      |       |       |       |       |  1371 |  1748 |  1656 |     8 ||  4783
         Reflection        |       |       |       |       |       |    69 |   118 |       ||   187

Table legend: (Time is in decaauts)
 A = Elapsed time spent in this place.
 B = Non-inter-level travel time spent in this place.
 C = Inter-level travel time spent in this place.
 D = Time resting spent in this place.
 E = Time spent auto-exploring this place.
 F = Levels seen in this place.
 G = Mean time per level.
                   A        B        C        D        E       F      G
               +--------+--------+--------+--------+--------+-----+--------+
         Total |  44914 |  41265 |   3649 |  10817 |  21339 |  39 | 1151.6 |
       Dungeon |  22590 |  20642 |   1948 |   8685 |   8959 |  15 | 1506.0 |
          Lair |   6893 |   6189 |    704 |   1055 |   3416 |   5 | 1378.6 |
         Swamp |   3382 |   3092 |    290 |    252 |   1786 |   4 |  845.5 |
     Snake Pit |   3929 |   3743 |    186 |     54 |   2679 |   4 |  982.2 |
  Orcish Mines |   1733 |   1418 |    315 |     38 |    980 |   2 |  866.5 |
   Elven Halls |   3958 |   3783 |    175 |    644 |   1985 |   3 | 1319.3 |
        Vaults |   1770 |   1742 |     28 |     42 |   1117 |   4 |  442.5 |
         Abyss |     40 |     40 |      0 |      0 |     28 |   1 |   40.0 |
        Bailey |    616 |    616 |      0 |     46 |    389 |   1 |  616.0 |
               +--------+--------+--------+--------+--------+-----+--------+

Top non-repeatable levels by time:
     D:1: 7968 daAuts
  Lair:3: 2198 daAuts
   Elf:3: 1702 daAuts
     D:9: 1610 daAuts
    D:10: 1441 daAuts
  Lair:5: 1368 daAuts
  Lair:2: 1273 daAuts
     D:6: 1267 daAuts
 Snake:2: 1232 daAuts
   Elf:1: 1230 daAuts
     D:8: 1202 daAuts
    D:12: 1153 daAuts
 Snake:4: 1123 daAuts
Vaults:1: 1111 daAuts
    D:11: 1080 daAuts
